 Dungeon Crawl Stone Soup version 0.29-a0-284-gf9362112df (webtiles) character file.

Game seed: 16812276423094230298

613 Colgate the Vexing (level 7, -4/32 HPs)
             Began as a Spriggan Enchanter on Mar 15, 2022.
             Was a Believer of Sif Muna.
             Killed from afar by a white imp (10 damage)
             ... with a puff of frost
             ... on level 4 of the Dungeon.
             The game lasted 00:17:56 (6657 turns).

Colgate the Vexing (Spriggan Enchanter)             Turns: 6657, Time: 00:17:57

Health: -4/32      AC:  2    Str:  4    XL:     7   Next: 20%
Magic:  10/15      EV: 17    Int: 19    God:    Sif Muna [**....]
Gold:   191        SH:  0    Dex: 15    Spells: 7/16 levels left

rFire   . . .      SeeInvis +   b - +9 staff of Olgreb {rPois∞}
rCold   . . .      Faith    .   (shield currently unavailable)
rNeg    . . .      Spirit   .   s - +0 robe
rPois   ∞          Reflect  .   (helmet restricted)
rElec   .          Harm     +   j - scarf {harm}
rCorr   .          Rampage  .   (gloves unavailable)
Will    +....                   (boots unavailable)
Stlth   +++.......              (no amulet)
HPRegen 0.10/turn               (no ring)
MPRegen 0.14/turn               (no ring)

@: very quick
A: very small, no large weapons, unfitting armour, see invisible, speed 3
a: Renounce Religion, Evoke the Staff of Olgreb, Channel Magic


You were on level 4 of the Dungeon.
You worshipped Sif Muna.
Sif Muna was pleased with you.
You visited 1 branch of the dungeon, and saw 5 of its levels.

You collected 191 gold pieces.

Inventory:

Hand Weapons
 a - a +2 dagger of draining
 b - the +9 staff of Olgreb (weapon) {rPois∞}
   (You found it on level 3 of the Dungeon)

   If the wielder is skilled in Evocations, they can envenom those struck by it,
   dealing poison damage which bypasses armour.
   It enhances your poison magic.
   It grants immunity to poison.
   It can be activated via the 'a'bility menu to radiate toxic energy, with
   effectiveness depending on Evocations skill.
 u - a +0 dagger of electrocution
 x - a +1 rapier of chaos
Armour
 j - a scarf of harm (worn)
 s - a +0 robe (worn)
Wands
 v - a wand of iceblast (2) {@v2}
Scrolls
 d - 6 scrolls of noise
 e - a scroll of magic mapping {unknown}
 f - 2 scrolls of blinking {@r4}
 g - a scroll of identify {unknown}
 i - a scroll of torment {unknown}
 k - a scroll of teleportation {unknown}
 l - a scroll of acquirement {unknown}
 n - a scroll of fog {unknown}
 p - a scroll of immolation {unknown}
 q - a scroll of fear {unknown}
 r - a scroll of enchant armour {unknown}
 t - a scroll of amnesia {unknown}
 w - a scroll of holy word {unknown}
Potions
 c - 2 potions of invisibility
 h - 3 potions of curing {unknown}
 m - 2 potions of might {unknown}
 o - a potion of attraction {unknown}


   Skills:
 - Level 1.1 Short Blades
 - Level 2.6 Dodging
 - Level 4.4 Stealth
 - Level 5.2 Spellcasting
 - Level 5.2 Hexes
 - Level 3.2 Air Magic
 + Level 4.4 Invocations


You had 7 spell levels left.
You knew the following spells:

 Your Spells              Type           Power      Damage    Failure   Level
a - Ensorcelled Hibernat  Hex/Ice        28%        N/A       6%          2
b - Tukima's Dance        Hex            24%        N/A       4%          3
c - Confusing Touch       Hex            24%        N/A       4%          3
d - Shock                 Conj/Air       44%        1d5       6%          1

Your spell library contained the following spells:

 Spells                   Type           Power      Damage    Failure   Level
 Swiftness                Air            17%        N/A       10%         3
 Dazzling Flash           Conj/Hex       28%        N/A       12%         3
 Airstrike                Air            8%         N/A       32%         4
 Ozocubu's Armour         Ice            4%         N/A       36%         3
 Summon Lightning Spire   Summ/Air       11%        N/A       54%         4
 Metabolic Englaciation   Hex/Ice        7%         N/A       75%         5
 Yara's Violent Unravell  Hex/Tmut       7%         3d5       75%         5
 Simulacrum               Ice/Necr       2%         N/A       100%        6
 Enfeeble                 Hex            12%        N/A       100%        7
 Storm Form               Tmut/Air       5%         N/A       100%        7
 Maxwell's Capacitive Co  Air            8%         ∞         100%        8


Dungeon Overview and Level Annotations

Branches:
Dungeon (5/15)
 Temple: D:4-7

Altars:
Sif Muna
Xom

Shops:
D:4 =


Innate Abilities, Weirdness & Mutations

You are very small and have problems with some larger weapons.
You are too small for most types of armour.
You have supernaturally acute eyesight. (SInv)
You cover ground extremely quickly. (Speed+++)


Message History

Okay, then.
Unknown command.
Aiming: Shock (safe; 6% risk of failure)
Aim: a white imp (asleep, 100% to hit)
The zap hits the white imp.
The white imp shouts!
You hear an angry hiss.
A white imp is nearby!
Aiming: Shock (safe; 6% risk of failure)
Aim: a white imp (heavily wounded, 68% to hit)
The zap hits the white imp but does no damage.
The white imp gestures at you. The puff of frost misses you.
Aiming: Shock (safe; 6% risk of failure)
Aim: a white imp (heavily wounded, 68% to hit)
The zap hits the white imp.
An adder comes into view.
Aiming: Shock (safe; 6% risk of failure)
Aim: an adder (wandering, hasn't noticed you, 48% to hit)
You miscast Shock.
You are very lightly contaminated with residual magic.
Nothing appears to happen.
The adder hisses angrily.
The white imp gestures at you. The puff of frost hits you!
Aiming: Shock (safe; 6% risk of failure)
Aim: a white imp (severely wounded, 68% to hit)
The zap hits the white imp.
Aiming: Shock (safe; 6% risk of failure)
Aim: a white imp (severely wounded, 68% to hit)
The zap hits the white imp.
The zap misses the adder.
The white imp gestures at you. The puff of frost hits you!
* * * LOW HITPOINT WARNING * * *
You climb upwards.
There is a stone staircase leading down here.
Your magical contamination has completely faded away.
The white imp gestures at you. The puff of frost hits you!
You die...

.....'..# #............#.#.#.#
)§..)'..# #............#.#.#.#
§..###..######............#.#.#..
§.§.###......+................'..
§.### ####.###..5.............#..
### #.# #...........##.###.. #.#
#...........##.# #.. #.#
#........(..##.# #.# #.#
#..@........##.# #.# #.#
#...........##.# #..
#.###...........##.#####
#.......................
############...##....... #######
#>..##....... #.....#
#...##....... #.....#
#..)##....... #.....#
#...##.......


You could see a white imp.

Vanquished Creatures
  2 black bears (D:4)
  The ghost of Conn the Sneak, an amateur OpFE of the Shining One (D:3)
  Terence (D:3)
  Jessica (D:2)
  An iguana (D:4)
  2 orc wizards (D:3)
  6 gnolls (D:4)
  7 adders
  A worm (D:3)
  6 dart slugs
  6 orcs
  4 bats
  6 endoplasms
  4 giant cockroaches
  7 goblins
  16 hobgoblins
  4 jackals
  11 kobolds
  A quokka (D:4)
  11 ball pythons
  5 frilled lizards
  5 rats
108 creatures vanquished.

Notes
Turn   | Place    | Note
-------+----------+-------------------------------------------
     0 | D:1      | Colgate the Spriggan Enchanter began the quest for the Orb.
     0 | D:1      | Reached XP level 1. HP: 9/9 MP: 5/5
   307 | D:1      | Reached XP level 2. HP: 13/13 MP: 6/6
   310 | D:1      | Learned a level 2 spell: Ensorcelled Hibernation
   707 | D:1      | Reached skill level 5 in Hexes
   934 | D:1      | Reached XP level 3. HP: 16/16 MP: 5/8
   938 | D:1      | Learned a level 3 spell: Tukima's Dance
  1295 | D:2      | Found a faded altar of an unknown god.
  1511 | D:2      | Prayed at the altar of an unknown god.
  1511 | D:2      | Became a worshipper of Sif Muna the Loreminder
  1511 | D:2      | Reached * piety under Sif Muna
  1609 | D:2      | Noticed Jessica
  1624 | D:2      | Killed Jessica
  1625 | D:2      | Reached XP level 4. HP: 3/21 MP: 1/11
  1631 | D:2      | Learned a level 3 spell: Confusing Touch
  2389 | D:2      | Reached ** piety under Sif Muna
  3131 | D:3      | Reached skill level 5 in Spellcasting
  3131 | D:3      | Reached XP level 5. HP: 23/24 MP: 4/13
  3139 | D:3      | Reached skill level 1 in Air Magic
  3496 | D:2      | Learned a level 1 spell: Shock
  3688 | D:3      | Found a transporter.
  3691 | D:3      | Found a transporter.
  3691 | D:3      | Noticed Conn's ghost (amateur OpFE)
  3807 | D:3      | Noticed Terence
  3888 | D:3      | Killed Terence
  4178 | D:3      | Found the +9 staff of Olgreb {rPois∞}
  4422 | D:3      | Killed Conn's ghost
  4423 | D:3      | Reached XP level 6. HP: 28/28 MP: 0/14
  4745 | D:4      | Reached skill level 1 in Invocations
  4935 | D:4      | Found Maof's Jewellery Shop.
  5197 | D:4      | Reached XP level 7. HP: 32/32 MP: 3/15
  6529 | D:4      | Found a large runed translucent door.
  6529 | D:4      | Found a large runed translucent door.
  6534 | D:4      | Found a shimmering altar of Xom.
  6644 | D:5      | Entered Level 5 of the Dungeon
  6657 | D:4      | Killed from afar by a white imp

Illustrated notes

Levels and vault maps discovered:
D:1:      dpeg_arrival_arbitrary_b, layout_loops_ring,
          chequers_serial_rivers_micro_a
D:2:      layout_basic, hellmonk_ecumenical_altar_dog_temple, uniq_jessica
D:3:      layout_rooms, gammafunk_ghost_arena,
          hangedman_abyss_or_decor_lesser_grid, uniq_terence
D:4:      due_chaos_kobolds, layout_basic, serial_shops, shop,
          hangedman_abyss_or_decor_stagger
D:5:      dreamdust_elfheim, layout_rooms, elyvilon_altar_1, serial_glass,
          glass_columns_a, glass_columns_a, minmay_strange_pillars,
          minmay_strange_pillars, serial_shops, kennysheep_mini_moat

Skill      XL: |  1  2  3  4  5  6  7 |
---------------+----------------------+-----
Hexes          | 4 5 |  5.2
Spellcasting   | 4 5 |  5.2
Air Magic      | 3 |  3.2
Invocations    | 3 4 |  4.4
Short Blades   | |  1.1
Dodging        | |  2.6
Stealth        | |  4.4

Action                   |  1- 3 |  4- 6 |  7- 9 || total
-------------------------+-------+-------+-------++-------
Melee: Dagger            |    77 |    28 |       ||   105
 Cast: Ensorcelled Hiber |    27 |    31 |       ||    58
       Shock             |       |    59 |     5 ||    64
 Abil: Evoke the Staff o |       |    18 |    23 ||    41
  Use: Scroll            |       |     2 |       ||     2
 Stab: Sleeping          |    25 |    21 |       ||    46
Armor: Robe              |    10 |     3 |       ||    13
Dodge: Dodged            |    58 |    15 |     2 ||    75

Table legend: (Time is in decaauts)
 A = Elapsed time spent in this place.
 B = Non-inter-level travel time spent in this place.
 C = Inter-level travel time spent in this place.
 D = Time resting spent in this place.
 E = Time spent auto-exploring this place.
 F = Levels seen in this place.
 G = Mean time per level.
                   A        B        C        D        E       F      G
               +--------+--------+--------+--------+--------+-----+--------+
         Total |   5492 |   5365 |    127 |    729 |   3816 |   5 | 1098.4 |
       Dungeon |   5492 |   5365 |    127 |    729 |   3816 |   5 | 1098.4 |
               +--------+--------+--------+--------+--------+-----+--------+

Top non-repeatable levels by time:
     D:2: 1639 daAuts
     D:4: 1617 daAuts
     D:1: 1250 daAuts
     D:3: 976 daAuts
     D:5: 8 daAuts
